 Dungeon Crawl Stone Soup version 0.23.2-40-g277498a001 (webtiles) character file.

Game seed: 14328955482267913733

452 Cykl0x the Shield-Bearer (level 7, -6/79 HPs)
             Began as a Formicid Fighter on Oct 21, 2019.
             Mangled by an orc warrior
             ... wielding a +0 trident
              (11 damage)
             ... on level 4 of the Dungeon.
             The game lasted 00:12:30 (3788 turns).

Cykl0x the Shield-Bearer (Formicid Fighter)         Turns: 3788, Time: 00:12:31

Health: -6/79      AC: 23    Str: 21 (22) XL:     7   Next: 25%
Magic:  7/7        EV:  2    Int:  5 (8)  God:
Gold:   104        SH: 11    Dex:  7 (10) Spells: 6/6 levels left

rFire    . . .     SeeInvis .   a - +2 long sword
rCold    . . .     Gourm    .   c - +1 shield
rNeg     + + +     Faith    .   (armour currently unavailable)
rPois    +         Spirit   .   (helmet unavailable)
rElec    .         Reflect  .   (cloak currently unavailable)
rCorr    .         Harm     .   (gloves currently unavailable)
MR       .....                  (boots currently unavailable)
Stlth    +.........             (no amulet)
HPRegen  0.23/turn              (no ring)
MPRegen  0.10/turn              (no ring)

@: tree-form
A: permanent stasis, dig shafts and tunnels, four strong arms
a: no special abilities


You were on level 4 of the Dungeon.
You were not hungry.
You were a tree.
You visited 1 branch of the dungeon, and saw 4 of its levels.

You collected 104 gold pieces.

Inventory:

Hand Weapons
 a - a +2 long sword (weapon)
Missiles
 e - 49 stones
 l - 4 tomahawks (quivered)
Armour
 b - a +0 scale mail (melded)
 c - a +1 shield (worn)
Jewellery
 j - a +3 ring of evasion {unknown}
 k - an uncursed ring of protection from fire {unknown}
 m - an uncursed ring of stealth {unknown}
 o - a +6 ring of evasion {unknown}
Scrolls
 n - a scroll of enchant weapon
 q - a scroll of amnesia {unknown}
Potions
 h - a potion of ambrosia
 i - a potion of degeneration
Comestibles
 d - 7 chunks of flesh
 f - 9 rations


   Skills:
 + Level 3.9 Fighting
 + Level 3.9 Long Blades
 + Level 2.3 Throwing
 + Level 4.6 Armour
 + Level 0.7 Dodging
 + Level 0.2 Stealth
 + Level 6.0 Shields


You had 6 spell levels left.
You didn't know any spells.
Your spell library was empty.

Dungeon Overview and Level Annotations

Branches:
Dungeon (4/15)
 Temple: D:4-7

Altars:
Cheibriados
Fedhas
Hepliaklqana
Nemelex Xobeh
The Shining One

Annotations:
D:4 1 runed translucent door


Innate Abilities, Weirdness & Mutations

You cannot be hasted, slowed, berserked, paralysed or teleported.
You can dig through walls and to a lower floor.
Your four strong arms can wield two-handed weapons with a shield.
((You have a pair of large antennae on your head. (SInv)))


Message History

You block the orc warrior's attack.
You slash the orc warrior!
The orc warrior is almost dead.
The orc warrior hits you but does no damage.
The orc warrior hits you with a +0 trident.
* * * LOW HITPOINT WARNING * * *
You hit the orc warrior but do no damage.
The orc warrior is almost dead.
The orc warrior hits you but does no damage.
You hit the orc warrior but do no damage.
The orc warrior is almost dead.
The orc warrior hits you with a +0 trident.
* * * LOW HITPOINT WARNING * * *
You hit the orc warrior but do no damage.
The orc warrior is almost dead.
The orc warrior hits you but does no damage.
You barely miss the orc warrior.
The orc warrior is almost dead.
The orc warrior hits you with a +0 trident!
You die...

..#.⌠.⌠.# ##...##
#..# #...#...
##...## #..#
#..##.####...##
#..#
#........)..##
#..#
##.....)...##
#####÷#
##...#####..#
##..##.# #...##
#...#
#####...##.#
...## #...#
##o##....##÷##
..## ##..#
#♣#.#.....#..#
.## #...
####......#..#
.### #..#
#..{....#..###
...###
##............#
.....###
#........#####...
.......#
##.......# ..
.....###
#.......# .
...###
#......#######
...# ..##.(#


You could see an orc warrior.

Vanquished Creatures
  An orc priest (D:4)
  Terence (D:2)
  Natasha (thrice) (D:3)
  3 orc wizards (D:3)
  2 worker ants (D:4)
  7 adders
  2 oozes
  4 worms (D:2)
  4 dart slugs
  A leopard gecko (D:3)
  12 orcs
  6 giant cockroaches
  4 goblins
  7 hobgoblins
  19 jackals
  4 kobolds
  A quokka (D:4)
  5 bats
  4 frilled lizards
  A jackal skeleton (D:4)
  10 rats
  2 plants (D:1)
103 creatures vanquished.

Notes
Turn   | Place    | Note
-------+----------+-------------------------------------------
     0 | D:1      | Cykl0x the Formicid Fighter began the quest for the Orb.
     0 | D:1      | Reached XP level 1. HP: 18/18 MP: 1/1
   136 | D:1      | Reached skill level 4 in Shields
   136 | D:1      | Reached XP level 2. HP: 18/24 MP: 2/2
   327 | D:1      | Reached XP level 3. HP: 20/29 MP: 3/3
   783 | D:2      | Reached XP level 4. HP: 24/35 MP: 4/4
   799 | D:2      | Reached skill level 1 in Throwing
   857 | D:2      | Found a blossoming altar of Fedhas.
  1039 | D:2      | Found a snail-covered altar of Cheibriados.
  1039 | D:2      | Noticed Terence
  1070 | D:2      | HP: 1/35 [Terence/+0 flail of protection (1)]
  1072 | D:2      | Killed Terence
  1072 | D:2      | Reached XP level 5. HP: 1/41 MP: 5/5
  1422 | D:2      | Reached skill level 5 in Shields
  1773 | D:3      | Noticed Natasha
  1787 | D:3      | Killed Natasha
  1853 | D:3      | Reached XP level 6. HP: 29/47 MP: 6/6
  1960 | D:3      | Found a hazy altar of Hepliaklqana.
  2060 | D:3      | Noticed Natasha
  2069 | D:3      | Killed Natasha
  2616 | D:3      | Noticed Natasha
  2633 | D:3      | Killed Natasha
  2955 | D:3      | Found a hazy altar of Hepliaklqana.
  3320 | D:4      | Found a glowing golden altar of the Shining One.
  3320 | D:4      | Noticed an angel
  3321 | D:4      | Found a runed translucent door.
  3350 | D:4      | Reached XP level 7. HP: 18/53 MP: 7/7
  3356 | D:4      | Reached skill level 6 in Shields
  3658 | D:4      | Found a sparkling altar of Nemelex Xobeh.
  3788 | D:4      | Mangled by an orc warrior

Skill      XL: |  1  2  3  4  5  6  7 |
---------------+----------------------+-----
Shields        | 4 5 6 |  6.0
Throwing       | 1 2 |  2.3
Armour         | 4 |  4.6
Long Blades    | 3 |  3.9
Fighting       | |  3.9
Dodging        | |  0.7
Stealth        | |  0.2

Action                   |  1- 3 |  4- 6 |  7- 9 || total
-------------------------+-------+-------+-------++-------
Melee: Long sword        |   156 |   233 |    57 ||   446
Throw: Tomahawk          |    32 |    40 |    10 ||    82
       Stone             |     4 |    19 |       ||    23
 Abil: Dig               |     3 |     3 |     2 ||     8
  Use: Scroll            |     1 |     8 |       ||     9
       Potion            |       |     3 |     5 ||     8
  Eat: Chunk             |       |     9 |     2 ||    11
Armor: Scale mail        |    45 |    88 |    16 ||   149
       Skin              |       |       |     5 ||     5
Dodge: Dodged            |    42 |    69 |    14 ||   125
Block: Shield            |    68 |   125 |    27 ||   220
       Rpst.: Long sword |    11 |    21 |     4 ||    36
